 Dungeon Crawl Stone Soup version 0.31-a0-202-g547052bce9 (webtiles) character file.

Game seed: 1902330477659782302

156 qw the Skirmisher (level 5, -2/29 HPs)
             Began as a Deep Elf Hunter on June 26, 2023.
             Frozen to death by an endoplasm (4 damage)
             ... on level 3 of the Dungeon.
             The game lasted 00:00:52 (2351 turns).

qw the Skirmisher (Deep Elf Hunter)                 Turns: 2351, Time: 00:00:53

Health: -2/29      AC:  1    Str: 10    XL:     5   Next: 14%
Magic:  7/7        EV: 12    Int: 14    God:
Gold:   149        SH:  0    Dex: 24    Spells: 4/4 levels left

rFire   . . .        Y - +0 shortbow
rCold   . . .        (shield currently unavailable)
rNeg    . . .        i - +0 ring mail
rPois   .            (no helmet)
rElec   .            (no cloak)
rCorr   .            (no gloves)
SInv    .            (no boots)
Will    .....        (no amulet)
Stlth   ++           g - +6 ring of dexterity
HPRegen 0.24/turn    (no ring)
MPRegen 0.10/turn

%: no passive effects
@: corroded
A: no striking features
a: no special abilities


You were on level 3 of the Dungeon.
You visited 1 branch of the dungeon, and saw 3 of its levels.

You collected 149 gold pieces.


   Skills:
 - Level 1.5 Fighting
 + Level 8.3 Ranged Weapons
 - Level 3.0 Dodging
 - Level 1.2 Stealth


You had 4 spell levels left.
You didn't know any spells.
Your spell library was empty.

Inventory:

Hand Weapons
 Y - a +0 shortbow (weapon)
Armour
 i - a +0 ring mail (worn)
Jewellery
 b - a ring of willpower
 g - a +6 ring of dexterity (left hand)
Scrolls
 a - 2 scrolls of identify
 d - a scroll of enchant armour {unknown}
Potions
 c - a potion of lignification {unknown}
 e - a potion of haste {unknown}
 h - 2 potions of cancellation {unknown}
 j - a potion of enlightenment {unknown}
 k - a potion of brilliance {unknown}

Dungeon Overview and Level Annotations

Branches:
Dungeon (3/15)

Altars:
Uskayaw

Shops:
D:2 =


Message History

You shoot an arrow. The arrow hits the endoplasm!
You kill the endoplasm!
The jelly hits the fungus.
The fungus begins to die.
The fungus is splashed with acid!
The acid corrodes the fungus!
Your Dodging skill increases to level 3!
You shoot an arrow. The arrow completely misses the jelly.
The arrow hits the fungus!
The fungus begins to die.
The fungus is lightly damaged.
The endoplasm hits you. The jelly closely misses you.
You shoot an arrow. The arrow hits the jelly.
The jelly is lightly wounded.
The endoplasm hits the toadstool.
The endoplasm hits you but does no damage.
The jelly hits you but does no damage.
You shoot an arrow. The arrow hits the jelly.
The jelly is moderately wounded.
The endoplasm hits the toadstool.
The toadstool is destroyed!
The endoplasm hits you but does no damage.
The jelly hits you. The acid corrodes you!
You are splashed with acid!
You shoot an arrow. The arrow hits the jelly!
The jelly is severely wounded.
A nearby fungus withers and dies.
The endoplasm hits you.
The jelly closely misses you. x2; The endoplasm hits you.
You shoot an arrow. The arrow hits the jelly.
You kill the jelly!
A nearby fungus withers and dies.
The endoplasm hits you. The endoplasm barely misses you.
You have reached level 5!
You shoot an arrow. The arrow hits the endoplasm.
The endoplasm is severely wounded.
The endoplasm freezes you.
You are frozen.
The endoplasm misses you. The endoplasm freezes you.
You are frozen.
You shoot an arrow. The arrow hits the endoplasm!
You kill the endoplasm!
The endoplasm freezes you.
You are frozen.
You die...

### ####### #.####### ......#
########........
#################..%...###.#####.
<..<.###......##@J.PP..# #.# #.
##..)##.......#.#JJ....# #.# #.
##..)))......#)#....PP# #.### #.
#.))........#.#......# #...# #.
##.'......#'#.#.%..PP# ###.# #.
#.##.....#.#.#.....%# #.# #.
#####....#.#.#.PP.PP# ### #.
#######.##.%...$# #. ##########
### ########.


You could see a jelly and 2 endoplasms.

Vanquished Creatures
  A jelly (D:3)
  4 adders
  2 dart slugs (D:2)
  2 orcs (D:3)
  6 ball pythons
  9 bats
  10 endoplasms
  2 giant cockroaches
  10 goblins
  6 hobgoblins
  2 frilled lizards
  14 kobolds
  10 rats
78 creatures vanquished.

Notes
Turn   | Place    | Note
-------+----------+-------------------------------------------
     0 | D:1      | qw the Deep Elf Hunter began the quest for the Orb.
     0 | D:1      | Reached XP level 1. HP: 12/12 MP: 3/3
     0 | D:1      | 0 ||| qw: Version: 0.3-a-22-g0ed2b0b
     0 | D:1      | 0 ||| qw: Game counter: 5947
     0 | D:1      | 0 ||| qw: Melee chars always use a shield: true
     0 | D:1      | 0 ||| qw: God list: Okawaru
     0 | D:1      | 0 ||| qw: Allow faded altars: false
     0 | D:1      | 0 ||| qw: Do Orc after clearing Dungeon:15 true
     0 | D:1      | 0 ||| qw: Do second Lair branch before Depths: true
     0 | D:1      | 0 ||| qw: Lair rune preference: random
     0 | D:1      | 0 ||| qw: Goals: Normal
     0 | D:1      | 0 ||| PLANNING D:1-11
    96 | D:1      | Reached skill level 6 in Ranged Weapons
    96 | D:1      | Reached XP level 2. HP: 16/16 MP: 4/4
   738 | D:1      | 738 ||| UPGRADING to +0 scale mail.
   748 | D:1      | 748 ||| DROPPING +0 leather armour.
   749 | D:1      | 749 ||| UPGRADING to +0 ring mail.
   759 | D:1      | 759 ||| DROPPING +0 scale mail.
   760 | D:1      | 760 ||| UPGRADING to +6 ring of dexterity.
   761 | D:1      | 761 ||| READING scroll labelled VUEFAR EPUDE.
   762 | D:1      | 762 ||| READING scroll labelled ODWETI HIHU.
   763 | D:1      | 763 ||| DROPPING scroll of butterflies.
  1001 | D:2      | Reached XP level 3. HP: 14/20 MP: 5/5
  1159 | D:2      | Reached skill level 7 in Ranged Weapons
  1349 | D:2      | Found Wiuxtopa's Jewellery Shop.
  1368 | D:2      | 1368 ||| SHOPLISTING +4 ring of slaying (936 gold, have
                  | 121).
  1368 | D:2      | 1368 ||| SHOPLISTING amulet of faith (480 gold, have 121).
  1368 | D:2      | 1368 ||| SHOPLISTING amulet of regeneration (360 gold, have
                  | 121).
  1368 | D:2      | 1368 ||| SHOPLISTING ring of Erixuh {rF+ rN+} (434 gold,
                  | have 121).
  1368 | D:2      | 1368 ||| SHOPLISTING ring of fire (300 gold, have 121).
  1368 | D:2      | 1368 ||| SHOPLISTING ring of protection from fire (300
                  | gold, have 121).
  1368 | D:2      | 1368 ||| SHOPLISTING ring of resist corrosion (240 gold,
                  | have 121).
  1471 | D:2      | Reached XP level 4. HP: 25/25 MP: 6/6
  1706 | D:2      | 1706 ||| READING scroll labelled ODAHEK PEAMA.
  1707 | D:2      | 1707 ||| READING scroll labelled VYETZYI GUCS.
  1708 | D:2      | 1708 ||| READING scroll labelled NIMUNNU OLEUR.
  1709 | D:2      | 1709 ||| READING scroll labelled JON BY NEKAO.
  1819 | D:3      | Found a hide-covered altar of Uskayaw.
  1906 | D:3      | Found a faded altar of an unknown god.
  2116 | D:3      | Reached skill level 8 in Ranged Weapons
  2345 | D:3      | Reached skill level 3 in Dodging
  2349 | D:3      | HP: 6/25 [endoplasm (1)]
  2350 | D:3      | Reached XP level 5. HP: 7/29 MP: 7/7
  2350 | D:3      | HP: 1/29 [frozen (2)]
  2351 | D:3      | Frozen to death by an endoplasm

Levels and vault maps discovered:
D:1:      lightli_arrival_statue_moat, layout_loops_ring
D:2:      layout_loops_corners, serial_shops, nicolae_shop_window_shopping
D:3:      cheibrodos_fertilizer, layout_rooms, nicolae_uskayaw_dance_hall,
          hellmonk_ecumenical_altar_zigzags

Skill      XL: |  1  2  3  4 |
---------------+-------------+-----
Ranged Weapons | 6 7 8 |  8.3
Dodging        | 3 |  3.0
Fighting       | |  1.5
Stealth        | |  1.2

Action                     |  1- 3 |  4- 6 || total
---------------------------+-------+-------++-------
   Fire: Shortbow          |   116 |    93 ||   209
    Use: Scroll            |     2 |     4 ||     6
 Armour: Leather armour    |    13 |       ||    13
         Ring mail         |     4 |    21 ||    25
  Dodge: Dodged            |    28 |    28 ||    56

Table legend:
 A = Non-vault XP
 B = Vault XP
 C = Vault XP percentage of total XP
 D = Non-vault monster count
 E = Vault monster count
 F = Vault count percentage of total count
                 A         B        C        D         E       F
            +---------+---------+-------+---------+---------+-------
      Total |     155 |      70 |  31.1 |      63 |      15 |  19.2
            +---------+---------+-------+---------+---------+-------
        D:1 |      35 |       0 |   0.0 |      22 |       0 |   0.0
        D:2 |      73 |       0 |   0.0 |      21 |       0 |   0.0
        D:3 |      47 |      70 |  59.8 |      20 |      15 |  42.9
            +---------+---------+-------+---------+---------+-------
